 Dungeon Crawl Stone Soup version 0.17-a0-1625-g47e540b (webtiles) character file.

30646 mrath the Cleaver (level 13, -3/115 HPs)
             Began as a Minotaur Fighter on Aug 2, 2015.
             Was a High Priest of Zin.
             Killed from afar by a lindwurm (35 damage)
             ... with a blast of flame
             ... on level 2 of the Lair of Beasts on Aug 3, 2015.
             The game lasted 03:07:27 (24447 turns).

mrath the Cleaver (Minotaur Fighter)               Turns: 24447, Time: 03:07:28

Health: -3/115     AC: 16    Str: 26    XL:     13   Next: 21%
Magic:  18/18      EV: 14    Int:  5    God:    Zin [*****.]
Gold:   795        SH: 12    Dex: 10    Spells: 0 memorised, 12 levels left

rFire  . . .     SeeInvis .     X - +3 hand axe (venom)
rCold  + + .     Clarity  .     r - +2 ring mail {rC+}
rNeg   + . .     SustAt   .     c - +0 shield
rPois  .         Gourm    +     u - +0 hat
rElec  .         Spirit   .     K - +0 cloak
rCorr  .         Warding  .     o - +0 pair of gloves
rMut   .         Stasis   .     b - +2 pair of boots
MR     .....                    M - amulet of the gourmand
Stlth  +.........               H - ring of positive energy
                                f - ring of protection from cold

@: flying, not resistant to hostile enchantments, very unstealthy
A: retaliatory headbutt, horns 2
a: Recite, Vitalisation, Imprison, Sanctuary, Renounce Religion


You were on level 2 of the Lair of Beasts.
You worshipped Zin.
Zin was extremely pleased with you.
You were full.

You visited 2 branches of the dungeon, and saw 15 of its levels.
You also visited: Labyrinth.

You collected 1043 gold pieces.
You spent 144 gold pieces at shops.
You donated 104 gold pieces to Zin.

Inventory:

Hand weapons
 a - a +1 war axe
 h - a +1 flail of protection
 O - a +0 blowgun
 X - a +3 hand axe of venom (weapon)
Missiles
 I - 4 tomahawks (quivered)
Armour
 b - a +2 pair of boots (worn)
 c - a +0 shield (worn)
 o - a +0 pair of gloves (worn)
 r - a +2 ring mail of cold resistance (worn)
 u - a +0 hat (worn)
 K - a +0 cloak (worn)
Rods
 d - a +2 iron rod (10/10)
   (You took it off a minotaur in a labyrinth)
Jewellery
 f - a ring of protection from cold (left hand)
 m - an uncursed amulet of resist mutation
 y - an uncursed amulet of clarity
 A - an uncursed ring of ice
 H - a ring of positive energy (right hand)
 M - an amulet of the gourmand (around neck)
 N - an uncursed ring of sustain attributes
Magical devices
 g - a wand of disintegration (21)
 q - a wand of fire (8)
 s - a wand of paralysis (4)
 G - a wand of heal wounds (0)
 J - a wand of cold (7)
 L - a wand of disintegration (12)
 P - a wand of confusion (16)
 Q - a wand of fireball (6)
Scrolls
 i - 8 scrolls of remove curse
 k - 2 scrolls of fear
 l - 8 scrolls of teleportation
 t - 2 scrolls of magic mapping
 w - a scroll of blinking
 x - 2 scrolls of recharging
Potions
 p - a potion of mutation {unknown}
 v - 4 potions of flight
 z - 2 potions of ambrosia {unknown}
 B - a potion of cancellation
 E - a potion of resistance
Miscellaneous
 n - an ornate deck of escape {drawn: 2}
 R - a fan of gales
 Z - a plain deck of destruction {drawn: 5}
Comestibles
 e - 7 bread rations
 j - 6 meat rations
 T - 14 royal jellies


   Skills:
 + Level 10.8 Fighting
 + Level 12.8 Axes
 + Level 11.0 Armour
 + Level 9.6 Dodging
 + Level 10.7 Shields
 + Level 8.9 Invocations
 + Level 5.1 Evocations


You had 12 spell levels left.
You didn't know any spells.

Dungeon Overview and Level Annotations

Branches:
Dungeon (11/15)            Temple (0/1) D:4            Lair (4/8) D:11
    Orc (0/4) D:10
  Swamp: Lair:3-6    Shoals: Lair:3-6     Snake: Lair:3-6    Spider: Lair:3-6

Altars:
Ashenzari
Gozag
Kikubaaqudgha
Makhleb
Qazlal
Ru
Xom
Yredelemnul
Zin
Beogh

Shops:
D:5 }   D:10 *

Annotations:
Lair:4 cireshan's ghost, powerful DECj


Innate Abilities, Weirdness & Mutations

You reflexively headbutt those who attack you in melee.
You have a pair of horns on your head.


Message History

The lindwurm closely misses you. You furiously retaliate!
You headbutt the lindwurm, but do no damage.
The lindwurm claws you but does no damage.
The lindwurm closely misses you.
You slash the lindwurm!
The lindwurm is heavily wounded.
You hit the lindwurm but do no damage.
The lindwurm looks even sicker.
The lindwurm is lightly wounded.
The lindwurm closely misses you. You block the lindwurm's attack.
You block the lindwurm's attack.
You hit the lindwurm.
The lindwurm is poisoned.
The lindwurm is heavily wounded.
You completely miss the lindwurm.
The lindwurm is lightly wounded.
The lindwurm breathes flames at you. The blast of flame hits you!
* * * LOW HITPOINT WARNING * * *
The lindwurm breathes flames at you. The blast of flame hits you!
You die...

###.......§≈≈≈≈≈k.(##(.§≈≈≈§§≈...
#........§§§≈§≈§.####(.≈≈≈≈§....
#.......§§≈≈§§..#.?[.#..≈≈§≈..#.
##.......≈≈≈≈§.##))\}##.≈≈§§≈.#.
#......≈≈≈≈§≈§##!=>$##.≈≈≈≈≈...
#.......≈≈≈§≈.§#.%!.#.§≈≈≈≈....
###..(.....≈≈≈§≈kk####..≈§≈§§....
.#........≈≈≈≈≈§.k§##...≈≈§§§§...
...........≈≈§≈§@≈....≈§§§≈§≈....
............≈≈§§§§≈≈≈§§§≈§§§.....
.............§≈§§≈§≈≈≈≈§≈≈§§.....
............§≈§§§≈≈§≈§§≈≈§.§.....
#.##.#P...P..§≈≈≈§≈≈≈≈≈≈.≈...+...
######............§§≈≈..§...#....
# ###..........................
#####............................
.................................


You could see 3 lindwurms.

Vanquished Creatures
  Gastronok (Lair:3)
  A minotaur (Lab)
  A fire dragon (Lair:2)
  4 hydras
  3 death yaks (Lair:4)
  Sonja (Lair:3)
  The ghost of matakusis the Chopper, an experienced DsGl of Dithmenos (D:8)
  The ghost of Duffy the Summoner, an experienced MfIE of Sif Muna (D:6)
  2 unseen horrors (D:11)
  An orc knight (D:10)
  A lindwurm (Lair:2)
  An ugly thing (D:11)
  4 black mambas
  2 manticores (D:11)
  4 spiny frogs
  5 komodo dragons
  A queen bee (D:11)
  2 trolls
  A merfolk (D:9)
  A two-headed ogre (D:9)
  3 shadows
  5 yaks
  A wraith (D:11)
  4 deep elf magi
  4 hungry ghosts
  2 basilisks
  5 hippogriffs
  A deep elf fighter (D:5)
  3 orc warriors
  3 sky beasts
  9 porcupines
  8 water moccasins
  4 ogres
  11 ice beasts
  2 necrophages
  4 phantoms
  4 centaurs
  2 big kobolds
  10 crocodiles
  13 giant frogs
  An earth elemental (Lab)
  3 gnoll sergeants
  A wyvern zombie (D:7)
  2 scorpions
  A water moccasin skeleton (D:10)
  2 wyvern skeletons
  31 killer bees
  2 wights (D:5)
  3 electric eels
  2 giant frog zombies
  6 crimson imps
  2 giant frog skeletons
  3 hounds
  4 orc priests
  A quasit (D:6)
  2 jellies
  6 orc wizards
  2 centaur skeletons
  4 worker ants
  Natasha (D:3)
  6 iguanas
  2 killer bee zombies
  8 sheep (D:11)
  A hound skeleton (D:4)
  10 adders
  20 gnolls
  26 river rats
  2 worker ant zombies
  5 shadow imps
  2 oozes
  An adder zombie (D:7)
  2 adder skeletons
  2 worms
  5 giant geckos
  38 orcs
  6 giant cockroaches
  2 gnoll zombies (D:5)
  5 hobgoblins
  6 jackals
  12 kobolds
  2 quokkas
  2 bats (D:2)
  8 giant newts
  7 goblins
  A quokka skeleton (D:5)
  7 rats
  2 fungi
  3 plants
408 creatures vanquished.

Vanquished Creatures (others)
  A river rat (Lair:4)
  A bush (D:11)
  33 fungi
  47 plants
82 creatures vanquished.

Grand Total: 490 creatures vanquished

Notes
Turn   | Place    | Note
--------------------------------------------------------------
     0 | D:1      | mrath the Minotaur Fighter began the quest for the Orb.
     0 | D:1      | Reached XP level 1. HP: 19/19 MP: 0/0
   164 | D:1      | Reached XP level 2. HP: 26/26 MP: 1/1
   470 | D:1      | Reached skill level 4 in Axes
   704 | D:1      | Reached XP level 3. HP: 29/31 MP: 2/2
  1280 | D:2      | Reached skill level 5 in Axes
  1578 | D:3      | Reached XP level 4. HP: 39/39 MP: 3/3
  1810 | D:3      | Found a faded altar to an unknown god.
  2108 | D:3      | Reached skill level 6 in Axes
  2252 | D:3      | Found a sacrificial altar of Ru.
  2324 | D:3      | Noticed a centaur
  2331 | D:3      | Killed a centaur
  2331 | D:3      | Reached skill level 7 in Axes
  2331 | D:3      | Reached XP level 5. HP: 16/45 MP: 4/4
  2549 | D:3      | Found a shimmering altar of Xom.
  2571 | D:3      | Noticed Natasha
  2573 | D:3      | Killed Natasha
  2660 | D:3      | Found a glowing silver altar of Zin.
  2671 | D:3      | Became a worshipper of Zin the Law-Giver
  2671 | D:3      | Acquired Zin's first power
  2868 | D:4      | Found a staircase to the Ecumenical Temple.
  2932 | D:4      | Found an opulent altar of Gozag.
  3101 | D:4      | Reached XP level 6. HP: 51/51 MP: 5/5
  3366 | D:4      | Reached skill level 8 in Axes
  3651 | D:4      | Acquired Zin's second power
  3802 | D:5      | Entered Level 5 of the Dungeon
  4069 | D:5      | Found an ancient bone altar of Kikubaaqudgha.
  4246 | D:5      | Noticed a deep elf fighter
  4273 | D:5      | Reached skill level 1 in Dodging
  4273 | D:5      | Reached skill level 1 in Invocations
  4279 | D:5      | Reached XP level 7. HP: 46/59 MP: 6/6
  4666 | D:5      | Killed a deep elf fighter
  5086 | D:5      | Reached skill level 5 in Shields
  5086 | D:5      | Reached XP level 8. HP: 62/67 MP: 8/8
  5253 | D:5      | Reached skill level 5 in Armour
  5291 | D:5      | Reached skill level 5 in Fighting
  5734 | D:5      | Found a basalt altar of Yredelemnul.
  5826 | D:5      | Found Ymusemo's Gadget Shop.
  6170 | D:6      | Found a stormy altar of Qazlal.
  6367 | D:6      | Noticed Duffy's ghost (experienced MfIE)
  6385 | D:6      | Killed Duffy's ghost
  6385 | D:6      | Reached skill level 9 in Axes
  6385 | D:6      | Reached XP level 9. HP: 67/75 MP: 10/10
  6464 | D:6      | Found a shattered altar of Ashenzari.
  7976 | D:7      | Reached skill level 10 in Axes
  7976 | D:7      | Reached skill level 5 in Dodging
  8850 | D:8      | Acquired Zin's third power
  9131 | D:8      | Reached skill level 5 in Invocations
  9838 | D:8      | Found a burning altar of Makhleb.
 10018 | D:8      | Noticed matakusis's ghost (experienced DsGl)
 10119 | D:8      | Killed matakusis's ghost
 10119 | D:8      | Reached XP level 10. HP: 32/86 MP: 12/12
 12164 | D:10     | Entered Level 10 of the Dungeon
 12263 | D:10     | Found Kotoq's General Store.
 12271 | D:10     | Bought a potion of might for 48 gold pieces
 12271 | D:10     | Bought 2 potions of might for 96 gold pieces
 12408 | D:10     | Reached skill level 11 in Axes
 12534 | D:10     | Noticed an orc knight
 12560 | D:10     | Killed an orc knight
 13267 | D:10     | Reached XP level 11. HP: 95/95 MP: 14/14
 13610 | D:10     | Found a roughly hewn altar of Beogh.
 13610 | D:10     | Found a staircase to the Orcish Mines.
 14220 | D:11     | Noticed a four-headed hydra
 14234 | D:11     | Killed a four-headed hydra
 14241 | D:11     | Reached skill level 1 in Evocations
 14904 | D:11     | Found a staircase to the Lair.
 15016 | D:11     | Killed an unseen horror
 15144 | D:11     | Killed an unseen horror
 16080 | Lair:1   | Entered Level 1 of the Lair of Beasts
 16086 | Lair:1   | Found a labyrinth entrance.
 16108 | Lab      | Entered a labyrinth
 16343 | Lab      | Noticed a minotaur
 16351 | Lab      | Killed a minotaur
 16411 | Lab      | Reached XP level 12. HP: 55/106 MP: 16/16
 16690 | Lab      | Identified the Catalogue of Burning Arcane Weapons
 16691 | Lab      | Got a warped scale mail
 16734 | Lair:1   | Identified the +1 scale mail "Zeic" {Regen+ Int+4} (You found it in a labyrinth)
 16831 | Lair:1   | Found a frozen archway.
 16963 | Lair:1   | Reached skill level 12 in Axes
 17458 | Lair:1   | Reached skill level 10 in Fighting
 17667 | Lair:1   | Reached skill level 10 in Armour
 18934 | Lair:2   | Acquired Zin's fourth power
 19101 | Lair:2   | Reached skill level 10 in Shields
 19143 | Lair:2   | Noticed a fire dragon
 19167 | Lair:2   | Killed a fire dragon
 20744 | Lair:3   | Noticed Sonja
 21384 | Lair:3   | Noticed Gastronok
 21579 | Lair:3   | Killed Sonja
 21806 | Lair:4   | Noticed cireshan's ghost (powerful DECj)
 22255 | Lair:4   | Noticed a seven-headed hydra
 22267 | Lair:4   | Killed a seven-headed hydra
 22458 | Lair:4   | Reached XP level 13. HP: 62/114 MP: 18/18
 22721 | Lair:4   | HP: 5/114 [komodo dragon (17)]
 22724 | Lair:4   | Noticed a five-headed hydra
 23122 | Lair:4   | Killed a six-headed hydra
 23280 | Lair:4   | Noticed an eight-headed hydra
 23327 | Lair:4   | Killed an eight-headed hydra
 23857 | Lair:3   | Reached skill level 5 in Evocations
 24057 | Lair:3   | Killed Gastronok
 24447 | Lair:2   | Killed from afar by a lindwurm

Vault maps used:
D:1:      dpeg_arrival_short_road
D:2:      minmay_distorted
D:3:      nicolae_ru_the_path_less_chosen, zin_treasury, xom_butterflies,
          ecumenical_altar_2, uniq_natasha
D:4:      lemuel_round_altar, minmay_temple_entry_hall
D:5:      lemuel_upstairs_altar, lemuel_zombie_altar_yredelemnul,
          kiku_gazebo_garden_becter, first_bread, serial_shops, shop_fountains,
          sword_in_stone
D:6:      kennysheep_mini, nicolae_qazlal_eye_of_the_storm
D:8:      lemuel_doored_altar
D:9:      hangedman_fish_farm, hex_medium
D:10:     david_orc_5, serial_shops, nicolae_shop_crystal
D:11:     minmay_lair_entry_grove, special_room
Lair:1:   portal_ice_cave_entry_ice_beasts, lab_entry_generic,
          grunt_megastairs_4, serial_bayou_shore_a, infiniplex_staircase_pool_2
Lair:2:   dragon1_lemuel, serial_bayou_pond_b, minmay_lindwurm_lava
Lair:3:   uniq_sonja, uniq_gastronok
Lair:4:   minmay_shoals_entry_hut, serial_bayou_lagoon_a, beast_lair_carwin_9
Lab:      labyrinth_watery, nicolae_lab_checkerboard, nicolae_lab_stuck,
          nicolae_lab_quarters, labyrinth_fake_exit, nicolae_lab_swirl,
          lab_hedge, nicolae_lab_grate_2, labyrinth_skeletal_remains,
          nicolae_lab_x, nicolae_lab_starburst, lab_block, lab_fountain

Action                   |  1- 3 |  4- 6 |  7- 9 | 10-12 | 13-15 || total
-------------------------+-------+-------+-------+-------+-------++-------
Melee: War axe           |    73 |   133 |   336 |   584 |       ||  1126
       Flail             |       |       |       |    31 |    38 ||    69
       Blowgun           |       |       |       |     8 |       ||     8
       Hand axe          |       |       |       |   257 |    40 ||   297
 Fire: Blowgun           |       |       |     2 |   117 |       ||   119
Throw: Tomahawk          |     5 |    14 |    51 |    33 |     8 ||   111
       Stone             |       |       |     5 |     6 |       ||    11
Invok: Recite            |       |     4 |     9 |    13 |       ||    26
       Imprison          |       |       |     1 |       |       ||     1
       Vitalisation      |       |       |       |    13 |     2 ||    15
Evoke: Wand              |       |     1 |     1 |     3 |     9 ||    14
       Rod               |       |       |       |     1 |     1 ||     2
       Deck              |       |       |       |       |     7 ||     7
  Use: Scroll            |     1 |     7 |     8 |    15 |     4 ||    35
       Potion            |       |       |     9 |    12 |     4 ||    25
 Stab: Invisible         |       |       |       |     1 |       ||     1
       Paralysed         |       |       |       |     6 |       ||     6
  Eat: Chunk             |     2 |     6 |     5 |    20 |     3 ||    36
       Beef jerky        |       |     1 |       |     3 |       ||     4
       Pizza             |       |     1 |       |     1 |       ||     2
       Bread ration      |       |       |     3 |     6 |       ||     9
       Fruit             |       |       |       |     4 |       ||     4
